 Dungeon Crawl Stone Soup version 0.17-a0-1881-g2f5db94 (webtiles) character file.

11 ONdooom the Cutter (level 2, 0/18 HPs)
             Began as an Octopode Chaos Knight on Sept 21, 2015.
             Slain by a naga (3 damage)
             ... on level 2 of the Dungeon.
             The game lasted 00:00:45 (677 turns).

ONdooom the Cutter (Octopode Chaos Knight)           Turns: 677, Time: 00:00:45

Health: 0/18       AC:  1    Str: 11    XL:     2   Next: 25%
Magic:  2/2        EV:  9    Int: 14    God:    Xom [*.....]
Gold:   48         SH:  0    Dex: 11    Spells: 0 memorised, 1 level left

rFire  . . .     SeeInvis .     a - +0 short sword (chaos)
rCold  . . .     Clarity  .     (no shield)
rNeg   . . .     SustAt   .     (helmet restricted)
rPois  .         Gourm    .     (no amulet)
rElec  .         Spirit   .     (no ring)
rCorr  .         Warding  .     (no ring)
rMut   .         Stasis   .     (no ring)
MR     .....                    (no ring)
Stlth  +++.......               (no ring)
                                (no ring)
                                (no ring)
                                (no ring)

@: lethally poisoned (0 -> -6), constricted, not resistant to hostile
enchantments, fairly stealthy
A: almost no armour, amphibious, 8 rings, constrict 8, camouflage 1, blurry
vision 2, frail 1, gelatinous body 1
a: Renounce Religion


You were on level 2 of the Dungeon.
You worshipped Xom.
You were a special plaything of Xom.
You were not hungry.

You visited 1 branch of the dungeon, and saw 2 of its levels.

You collected 48 gold pieces.

Inventory:

Hand weapons
 a - a +0 short sword of chaos (weapon)
Missiles
 j - 20 sling bullets
 k - 22 stones (quivered)
 l - 9 arrows of dispersal
Scrolls
 c - a scroll of random uselessness {unknown}
 d - 2 scrolls of identify {unknown}
 e - a scroll of noise {unknown}
 g - a scroll of enchant armour {unknown}
 h - a scroll of recharging {unknown}
 i - a scroll of remove curse {unknown}
Potions
 f - a potion of brilliance {unknown}
Comestibles
 b - a bread ration
 m - 5 fruits


   Skills:
 - Level 3.0 Fighting
 - Level 3.0 Short Blades
 - Level 2.3 Dodging
 * Level 2.7 Stealth


You had one spell level left.
You didn't know any spells.

Dungeon Overview and Level Annotations

Branches:
Dungeon (2/15)

Altars:


Innate Abilities, Weirdness & Mutations

You cannot wear most types of armour.
You are amphibious.
You can wear up to eight rings at the same time.
You can use your tentacles to constrict eight enemies at once.
Your skin changes colour to match your surroundings (Stealth).
Your rubbery body absorbs attacks (AC +1).
Scrolls take you longer to read.
You are frail (-10% HP).


Message History

A worm is nearby!
A worm is nearby!
Xom's power touches on a nearby monster.
The worm evaporates and reforms as a naga!
The naga closely misses you. The naga grabs you. The naga constricts you.
You closely miss the naga.
Xom momentarily opens a gate.
You are now a special plaything of Xom.
The naga spits poison at you. The splash of poison hits you!
You are poisoned.
* * * LOW HITPOINT WARNING * * *
The naga constricts you.
Your attempt to break free from the naga fails, but you feel that another attempt might succeed.
* * * LOW HITPOINT WARNING * * *
You feel sick.
Your white imp hits the naga but does no damage.
Your crimson imp hits the naga but does no damage.
The naga barely misses you.
You die...
Xom laughs nastily!

#################
.....5N@..<.....#
.....5#########.#
#####


You could see a naga, a friendly crimson imp and a friendly white imp.

Vanquished Creatures
  A ball python (D:1)
  A bat (D:1)
  2 giant cockroaches (D:1)
  A goblin (D:1)
  A giant gecko (D:1)
  2 kobolds (D:1)
  3 rats (D:1)
11 creatures vanquished.

Notes
Turn   | Place    | Note
--------------------------------------------------------------
     0 | D:1      | ONdooom the Octopode Chaos Knight began the quest for the Orb.
     0 | D:1      | Reached XP level 1. HP: 16/16 MP: 1/1
   170 | D:1      | Reached skill level 1 in Stealth
   203 | D:1      | XOM: divination: detect items
   212 | D:1      | XOM: harmless Trmt miscast
   278 | D:1      | Reached XP level 2. HP: 21/21 MP: 2/2
   305 | D:1      | XOM: give mutations
   305 | D:1      | Gained mutation: Scrolls take you a little longer to read. [Xom's mischief]
   305 | D:1      | Gained mutation: Scrolls take you longer to read. [Xom's mischief]
   305 | D:1      | Gained mutation: You are frail (-10% HP). [Xom's mischief]
   353 | D:1      | XOM: mild Erth miscast
   675 | D:2      | Noticed a naga
   675 | D:2      | a worm changed into a naga
   675 | D:2      | XOM: polymorph worm -> naga
   676 | D:2      | XOM: summons 2 friendly demons
   677 | D:2      | Slain by a naga

Vault maps used:
D:1:      wheals_arrival_linesprint
D:2:      nicolae_ru_sacrificial_ziggurat

Action                   || total
-------------------------++-------
Melee: Short sword       ||    14
 Stab: Sleeping          ||     4
